 Dungeon Crawl Stone Soup version 0.24.1-5-g77f818bfca (webtiles) character file.

Game seed: 14200927930089991185, levelgen mode: deterministic

86 Gruesph the Ruffian (level 4, 0/38 HPs)
             Began as a Naga Transmuter on Apr 25, 2020.
             Slain by Grinder (3 damage)
             ... on level 3 of the Dungeon.
             The game lasted 00:08:47 (2620 turns).

Gruesph the Ruffian (Naga Transmuter)               Turns: 2620, Time: 00:08:48

Health: 0/38       AC:  4    Str: 14    XL:     4   Next: 49%
Magic:  2/7        EV: 10    Int: 13    God:
Gold:   128        SH:  0    Dex: 11    Spells: 4/7 levels left

rFire    . . .     SeeInvis +     - Unarmed
rCold    . . .     Gourm    .   (no shield)
rNeg     . . .     Faith    .   b - +0 robe
rPois    +         Spirit   .   m - +0 helmet
rElec    .         Reflect  .   (no cloak)
rCorr    .         Harm     .   g - +0 pair of gloves
MR       .....                  (no barding)
Stlth    ++........             (no amulet)
HPRegen  0.12/turn              (no ring)
MPRegen  0.10/turn              (no ring)

@: very slow
A: large, see invisible, deformed body, poison resistance, slowness 2, slow
metabolism 1, spit poison 1, AC +1
a: Spit Poison


You were on level 3 of the Dungeon.
You were not hungry.

You visited 1 branch of the dungeon, and saw 3 of its levels.

You collected 128 gold pieces.

Inventory:

Missiles
 a - 2 arrows
 d - 144 stones (quivered)
Armour
 b - a +0 robe (worn)
 g - a +0 pair of gloves (worn)
 m - a +0 helmet (worn)
Jewellery
 c - an uncursed amulet of magic regeneration {unknown}
 j - an uncursed amulet of regeneration {unknown}
 k - an uncursed ring of positive energy {unknown}
 q - an uncursed ring of see invisible {unknown}
Scrolls
 e - a scroll of blinking {unknown}
 h - 4 scrolls of identify {unknown}
 i - a scroll of magic mapping {unknown}
 l - a scroll of amnesia {unknown}
 p - 2 scrolls of immolation {unknown}
Potions
 n - a potion of invisibility {unknown}
 o - a potion of mutation {unknown}
 r - a potion of brilliance {unknown}
Comestibles
 f - 2 rations


   Skills:
 - Level 1.0 Fighting
 - Level 1.5 Dodging
 + Level 3.2 Stealth
 + Level 4.6 Unarmed Combat
 - Level 2.0 Spellcasting
 - Level 2.0 Transmutations


You had 4 spell levels left.
You knew the following spells:

 Your Spells              Type           Power        Failure   Level  Hunger
a - Beastly Appendage     Tmut           #.....       11%         1    ##.....
b - Sticks to Snakes      Tmut           #.......     17%         2    ###....

Your spell library contained the following spells:

 Spells                   Type           Power        Failure   Level  Hunger
 Spider Form              Tmut/Pois      #.........   45%         3    ####...
 Ice Form                 Ice/Tmut       #.......     86%         4    #####..
 Blade Hands              Tmut           #.........   97%         5    ######.


Dungeon Overview and Level Annotations

Branches:
Dungeon (3/15)

Altars:
Gozag

Annotations:
D:3 Grinder


Innate Abilities, Weirdness & Mutations

You cannot wear boots.
Your serpentine skin is tough. (AC +1)
You have supernaturally acute eyesight. (SInv)
Armour fits poorly on your strangely shaped body.
Your system is resistant to poisons. (rPois)
You cover ground very slowly.
You have a slow metabolism.
You can spit poison.


Message History

You hit Grinder.
Grinder is heavily wounded.
Grinder hits you.
* * * LOW HITPOINT WARNING * * *
Your ball python bites Grinder but does no damage.
Your ball python constricts Grinder.
Your ball python bites Grinder but does no damage.
You hit Grinder but do no damage.
Grinder is heavily wounded.
Your ball python bites Grinder but does no damage.
Your ball python constricts Grinder.
Grinder struggles to blink free from constriction.
Your ball python bites Grinder but does no damage.
You hit Grinder but do no damage.
Grinder is heavily wounded.
Your ball python bites Grinder.
Your ball python constricts Grinder.
Your ball python bites Grinder.
Grinder hits you.
* * * LOW HITPOINT WARNING * * *
You writhe in agony.
You die...

#.## ...#
#..# #..#
.########..#
#(5........#
.#######...##
#....#
#######@)..+
......5S...+
.......S...#
.#####..##.#
...... .#
###.... .#
..#.....#
###.##.# #.
..


You could see Grinder and 2 friendly ball pythons.

Vanquished Creatures
  Terence (D:2)
  An adder (D:2)
  An ooze (D:2)
  2 worms (D:2)
  4 dart slugs
  A leopard gecko (D:2)
  A giant cockroach (D:1)
  5 goblins
  3 hobgoblins (D:2)
  5 bats
  4 frilled lizards
  4 kobolds
  5 rats
37 creatures vanquished.

Notes
Turn   | Place    | Note
-------+----------+-------------------------------------------
     0 | D:1      | Gruesph the Naga Transmuter began the quest for the Orb.
     0 | D:1      | Reached XP level 1. HP: 18/18 MP: 3/3
   295 | D:1      | Reached XP level 2. HP: 25/25 MP: 3/5
   299 | D:1      | Learned a level 2 spell: Sticks to Snakes
   625 | D:1      | You fall into a shaft and drop 1 floor!
   805 | D:1      | Reached skill level 4 in Unarmed Combat
   979 | D:2      | Reached XP level 3. HP: 31/31 MP: 4/6
   993 | D:2      | Reached skill level 1 in Stealth
  1280 | D:2      | Found an opulent altar of Gozag.
  1709 | D:2      | Reached XP level 4. HP: 32/38 MP: 7/7
  1793 | D:2      | Noticed Terence
  1818 | D:2      | Killed Terence
  2157 | D:3      | Noticed Grinder
  2293 | D:3      | Paralysed by Grinder for 7 turns
  2611 | D:3      | Paralysed by Grinder for 2 turns
  2620 | D:3      | Slain by Grinder

Levels and vault maps discovered:
D:1:      minmay_arrival_hallway, layout_loops_ring
D:2:      layout_basic, lemuel_crystal_altar, kennysheep_generic_room_6,
          uniq_terence
D:3:      layout_loops_ring, grunt_temple_overflow_champion_of_chaos,
          chequers_temple_overflow_minitemple, first_ration,
          kennysheep_generic_room_12, uniq_grinder

Skill      XL: |  1  2  3  4 |
---------------+-------------+-----
Unarmed Combat | 4 |  4.6
Stealth        | 2 3 |  3.2
Fighting       | |  1.0
Dodging        | |  1.5
Spellcasting   | |  2.0
Transmutations | |  2.0

Action                   |  1- 3 |  4- 6 || total
-------------------------+-------+-------++-------
Melee: Unarmed           |   104 |    36 ||   140
       Headbutt          |     3 |       ||     3
       Punch             |     2 |       ||     2
Throw: Stone             |    55 |     9 ||    64
 Cast: Beastly Appendage |     9 |       ||     9
       Sticks to Snakes  |     1 |     9 ||    10
 Stab: Sleeping          |       |     1 ||     1
  Eat: Chunk             |     1 |     2 ||     3
       Ration            |       |     1 ||     1
Armor: Robe              |    35 |     3 ||    38
Dodge: Dodged            |    64 |    10 ||    74
